 Dungeon Crawl Stone Soup version bcrawl-1.19.1 (webtiles) character file.

Game seed: 10985101841375360964

1478 Niddhogr the Tainter (level 8, -10/53 HPs)
             Began as a Demonspawn Venom Mage on Dec 1, 2019.
             Was an Initiate of Gozag.
             Mangled by a crocodile (18 damage)
             ... on level 6 of the Dungeon.
             The game lasted 00:17:36 (6175 turns).

Niddhogr the Tainter (Demonspawn Venom Mage)        Turns: 6175, Time: 00:17:36

Health: -10/53     AC:  4    Str:  9    XL:     8   Next: 50%
Magic:  0/14       EV: 12    Int: 18    God:    Gozag
Gold:   529        SH:  0    Dex: 14    Spells: 10/16 levels left

rFire    . . .     SeeInvis .   v - +0 hand axe (elec)
rCold    . . .     Gourm    .   (no shield)
rNeg     . . .     Faith    .   a - +1 robe
rPois    +         Spirit   +   (helmet restricted)
rElec    .         Reflect  .   (no cloak)
rCorr    .         Harm     .   (no gloves)
MR       .....                  (no boots)
Stlth    ++++......             z - amulet of the acrobat
HPRegen  0.17/turn              P - ring of poison resistance
MPRegen  0.14/turn              B - ring of stealth {Stlth+}

@: no status effects
A: horns 2, rugged brown scales 1, magic shield
a: Potion Petition, Call Merchant, Bribe Branch, Renounce Religion


You were on level 6 of the Dungeon.
You worshipped Gozag.
Gozag was pleased with you.
You were not hungry.

You visited 2 branches of the dungeon, and saw 7 of its levels.

You collected 606 gold pieces.
You paid 77 gold pieces to Gozag.

Inventory:

Hand Weapons
 l - a +0 trident
 n - a +3 flail
 v - a +0 hand axe of electrocution (weapon)
 x - a +1 rapier of speed
Missiles
 h - 156 poisoned needles
 o - 55 poisoned tomahawks (quivered)
 r - 77 tomahawks
Armour
 a - a +1 robe (worn)
Jewellery
 i - an uncursed ring of flight
 z - an amulet of the acrobat (around neck)
 B - a ring of stealth (right hand) {Stlth+}
 P - a ring of poison resistance (left hand)
Scrolls
 e - a scroll of blinking {unknown}
 g - a scroll of enchant armour
 j - a scroll of amnesia
 t - 6 scrolls of teleportation
 u - 2 scrolls of enchant weapon
 y - 2 scrolls of remove curse
 A - a scroll of fog {unknown}
Potions
 b - 2 potions of mutation {unknown}
 c - a potion of berserk rage {!q}
 d - a potion of degeneration {!q}
 k - a potion of agility
 m - a potion of brilliance {unknown}
 p - a potion of cancellation {unknown}
 q - 4 potions of heal wounds
 s - 2 potions of flight {unknown}
 w - 2 potions of lignification {!q}
Comestibles
 f - 5 rations {!d}


   Skills:
 + Level 4.8 Polearms
 - Level 1.7 Dodging
 - Level 2.0 Stealth
 * Level 4.5 Spellcasting
   Level 1.0 Conjurations
 - Level 8.4 Poison Magic


You had 10 spell levels left.
You knew the following spells:

 Your Spells              Type           Power        Failure   Level  Hunger
a - Olgreb's Toxic Radia  Pois           ####....     4%          4    ####...
b - Poisonous Vapours     Pois/Air       ###...       3%          2    #......

Your spell library contained the following spells:

 Spells                   Type           Power        Failure   Level  Hunger
 Sting                    Conj/Pois      ###.         1%          1    None
 Flame Tongue             Conj/Fire      #....        12%         1    None
 Ignite Poison            Fire/Tmut/Pois ##......     13%         3    ###....
 Flaming Arrows           Chrm/Fire      #.......     22%         2    #......
 Summon Scorpions         Summ/Pois      ###.....     24%         4    ####...
 Conjure Flame            Conj/Fire      #.......     34%         3    ###....
 Inner Flame              Hex/Fire       N/A          38%         3    ###....
 Venom Bolt               Conj/Pois      ###.......   50%         5    ######.
 Sticky Flame             Conj/Fire      #.......     75%         4    ####...
 Fireball                 Conj/Fire      #.........   97%         5    ######.


Dungeon Overview and Level Annotations

Branches:
Dungeon (6/12)             Temple (1/1) D:4

Altars:
Gozag
Makhleb
Wu Jian
Xom

Annotations:
D:5 3 runed translucent doors, pheathergobbo575's ghost, novice MfFi


Innate Abilities, Weirdness & Mutations

You have a pair of horns on your head.
You are partially covered in rugged brown scales. (AC +1, +3% HP)
When hurt, damage is shared between your health and your magic reserves.


Message History

* * * LOW MAGIC WARNING * * *;
* * * LOW HITPOINT WARNING * * *
You take 15 damage, and have 21/53 hp.
MASSIVE DAMAGE!!
You now have 4/14 mp.
You hit the crocodile but do no damage. The crocodile bites you.
* * * LOW MAGIC WARNING * * *;
* * * LOW HITPOINT WARNING * * *
You take 4 damage, and have 17/53 hp.
You now have 3/14 mp.
You barely miss the crocodile.
You headbutt the crocodile, but do no damage.
The crocodile bites you.
* * * LOW MAGIC WARNING * * *;
* * * LOW HITPOINT WARNING * * *
You take 5 damage, and have 12/53 hp.
You now have 2/14 mp.
You barely miss the crocodile. The crocodile bites you.
* * * LOW MAGIC WARNING * * *;
* * * LOW HITPOINT WARNING * * *
You take 4 damage, and have 8/53 hp.
You now have 1/14 mp.
You barely miss the crocodile. You headbutt the crocodile.
The crocodile misses you. The crocodile bites you!!
* * * LOW MAGIC WARNING * * *
You die...
Your body crumbles into a pile of gold.

....############.Y####.....⌠.≈#..
..### ##.....#####..#....≈##. .<#
#....)###.(...##....≈#. ..###
#.#...##..#########.≈#.
#...#######....#...## ##..≈#.
###.......#(#.#..##########...≈#.
#####.........## ....##≈...###
######.......(..####....##≈..## #
............###.@t......##≈.#####
.....#....######...#....##≈....##
.................###....###≈....#
###......######### ....# #≈.⌠...
######## ##### #≈≈...# ##≈≈.##
#####


You could see a crocodile.

Levels and vault maps discovered:
D:1:      tarquinn_simple_flora_water_a, layout_rooms, minmay_split_cup_small
D:2:      layout_basic
D:3:      minmay_general_purpose_star, layout_basic, makhleb_grotto_becter
D:4:      layout_cave_pools, temple_fountains, first_ration, uniq_duvessa
D:5:      layout_loops_ring, ebering_ghost_rock_garden
D:6:      cheibrodos_steamvent, layout_rooms, kennysheep_generic_room_15
Temple:   compressed_dpeg_circular_temple

Notes
Turn   | Place    | Note
-------+----------+-------------------------------------------
     0 | D:1      | Niddhogr the Demonspawn Venom Mage began the quest for the
                  | Orb.
     0 | D:1      | Reached XP level 1. HP: 13/13 MP: 3/3
    18 | D:1      | Identified a +0 club
    57 | D:1      | Identified a +0 dagger
   143 | D:1      | Identified a +0 club
   146 | D:1      | Gained mutation: You have a pair of small horns on your
                  | head. [demonic ancestry]
   146 | D:1      | Reached XP level 2. HP: 18/19 MP: 0/5
   223 | D:1      | Learned a level 2 spell: Poisonous Vapours
   274 | D:1      | Identified a +0 short sword
   428 | D:1      | Identified a +0 club
   429 | D:1      | Identified a +0 club
   450 | D:1      | Reached skill level 4 in Poison Magic
   820 | D:2      | Identified a +0 club
   927 | D:2      | Reached XP level 3. HP: 24/24 MP: 0/6
   976 | D:2      | Identified a +0 club
   976 | D:2      | Identified a +0 scale mail
   976 | D:2      | Identified a +3 flail
   979 | D:2      | Identified a +2 flail of holy wrath
  1228 | D:2      | Identified a +0 club
  1272 | D:2      | Identified a +0 dagger
  1479 | D:2      | Identified a +0 whip
  1479 | D:2      | Identified a +0 hunting sling
  1691 | D:2      | Identified a +0 club
  1728 | D:2      | Identified a +0 hunting sling
  1988 | D:2      | Identified a +0 dagger
  2341 | D:3      | Identified a +0 dagger
  2349 | D:3      | Identified a cursed -3 morningstar (You found it on level 3
                  | of the Dungeon)
  2350 | D:3      | Identified 2 scrolls of amnesia
  2351 | D:3      | Identified 2 scrolls of enchant armour
  2352 | D:3      | Identified 2 scrolls of identify
  2352 | D:3      | Identified 2 scrolls of teleportation
  2361 | D:3      | Identified a scroll of enchant weapon
  2368 | D:3      | Gained mutation: When hurt, damage is shared between your
                  | health and your magic reserves. [demonic ancestry]
  2368 | D:3      | Reached XP level 4. HP: 15/30 MP: 7/7
  2416 | D:3      | Reached skill level 5 in Poison Magic
  2422 | D:3      | Learned a level 4 spell: Olgreb's Toxic Radiance
  2598 | D:3      | Identified a +1 dagger of holy wrath
  2598 | D:3      | Identified a +0 robe
  2598 | D:3      | Identified a +0 mace
  2598 | D:3      | Identified a +0 chain mail
  2598 | D:3      | Identified a +0 hand axe of electrocution
  2598 | D:3      | Identified a +0 leather armour
  2601 | D:3      | Identified a +0 falchion
  2635 | D:3      | Identified a +0 whip
  2635 | D:3      | Identified a +0 leather armour
  2638 | D:3      | Identified a scroll of noise
  2639 | D:3      | Identified a scroll of remove curse
  2757 | D:3      | Identified a +0 club
  3119 | D:3      | Found a burning altar of Makhleb.
  3132 | D:3      | Reached XP level 5. HP: 30/35 MP: 8/8
  3271 | D:3      | Identified a +0 flail
  3271 | D:3      | Identified a +0 leather armour
  3412 | D:4      | Identified a +0 club
  3413 | D:4      | Reached skill level 1 in Polearms
  3413 | D:4      | Reached skill level 6 in Poison Magic
  3417 | D:4      | Noticed a phantom
  3448 | D:4      | Killed a phantom
  3448 | D:4      | Gained mutation: You have a pair of horns on your head.
                  | [demonic ancestry]
  3448 | D:4      | Reached XP level 6. HP: 21/41 MP: 2/9
  3602 | D:4      | Identified a cursed +0 short sword
  3602 | D:4      | Identified a +0 chain mail
  3602 | D:4      | Noticed Duvessa
  3603 | D:4      | Identified a +0 dagger
  3603 | D:4      | Identified a +0 robe
  3603 | D:4      | Noticed Dowan
  3623 | D:4      | Killed Duvessa
  3623 | D:4      | Reached skill level 2 in Polearms
  3623 | D:4      | Reached skill level 7 in Poison Magic
  3770 | D:4      | Found a staircase to the Ecumenical Temple.
  3785 | Temple   | Entered the Ecumenical Temple
  3822 | D:4      | Killed Dowan
  3822 | D:4      | Reached XP level 7. HP: 44/46 MP: 4/10
  3858 | D:4      | HP: 9/46 [sky beast (5)]
  3863 | D:4      | HP: 8/46 [sky beast (2)]
  3863 | D:4      | HP: 2/46 [sky beast (6)]
  4189 | D:4      | Reached skill level 3 in Polearms
  4387 | Temple   | Became a worshipper of Gozag Ym Sagoz the Greedy
  4411 | D:5      | Entered Level 5 of the Dungeon
  4525 | D:5      | Found a runed translucent gate.
  4525 | D:5      | Found a runed translucent gate.
  4525 | D:5      | Found a runed translucent gate.
  4527 | D:5      | Noticed pheathergobbo575's ghost (novice MfFi)
  4661 | D:5      | Identified a +0 club
  4711 | D:5      | Identified a cursed -2 robe (You found it on level 5 of the
                  | Dungeon)
  4722 | D:5      | Identified a +1 robe
  5174 | D:6      | Identified 2 potions of lignification
  5188 | D:6      | Identified a ring of poison resistance (You found it on
                  | level 6 of the Dungeon)
  5234 | D:6      | Noticed a steam dragon
  5235 | D:6      | Reached skill level 8 in Poison Magic
  5240 | D:6      | Killed a steam dragon
  5324 | D:6      | Noticed a steam dragon
  5342 | D:6      | Killed a steam dragon
  5342 | D:6      | Reached skill level 4 in Polearms
  5342 | D:6      | Gained mutation: You are partially covered in rugged brown
                  | scales. (AC +1, +3% HP) [demonic ancestry]
  5342 | D:6      | Reached XP level 8. HP: 22/53 MP: 1/12
  5584 | D:6      | Identified 4 potions of heal wounds
  5598 | D:6      | Reached skill level 3 in Spellcasting
  5621 | D:6      | Noticed a hippogriff
  5650 | D:6      | Killed a hippogriff
  5784 | D:6      | Identified a ring of flight (You found it on level 6 of the
                  | Dungeon)
  5795 | D:6      | Identified a +0 dagger
  5863 | D:6      | Reached skill level 4 in Spellcasting
  5961 | D:6      | Identified an amulet of the acrobat (You found it on level
                  | 6 of the Dungeon)
  5979 | D:6      | Identified a ring of stealth (You found it on level 6 of
                  | the Dungeon)
  6173 | D:6      | HP: 12/53 [crocodile (5)]
  6175 | D:6      | Mangled by a crocodile

Table legend:
 A = Turns spent in this place as a percentage of turns spent in the entire game.
 B = Non-inter-level travel turns spent in this place as a percentage of non-inter-level travel turns spent in the entire game.
 C = Inter-level travel turns spent in this place as a percentage of turns spent in this place.
 D = Turns resting spent in this place as a percentage of non-inter-level travel turns spent in this place.
 E = Turns spent auto-exploring this place as a percentage of non-inter-level travel turns spent in this place.
 F = Non-inter-level travel turns spent in this place divided by the number of levels of this place that you've seen.
                   A       B       C       D       E      F
               +-------+-------+-------+-------+-------+----------------------
         Total | 100.0 | 100.0 |   2.9 |   1.0 |  82.2 | 857.0
       Dungeon |  99.8 |  99.8 |   2.9 |   1.0 |  82.4 | 997.7
        Temple |   0.2 |   0.2 |   0.0 |   0.0 |   0.0 |  13.0
               +-------+-------+-------+-------+-------+----------------------

Table legend:
 A = Kills in this place as a percentage of kills in entire the game.
 B = Kills by you in this place as a percentage of kills by you in the entire game.
 C = Kills by friends in this place as a percentage of kills by friends in the entire game.
 D = Other kills in this place as a percentage of other kills in the entire game.
 E = Experience gained in this place as a percentage of experience gained in the entire game.
 F = Experience gained in this place divided by the number of levels of this place that you have seen.
                   A       B       C       D       E      F
               +-------+-------+-------+-------+-------+----------------------
         Total | 100.0 | 100.0 |   N/A |   N/A | 100.0 | 301.7
       Dungeon | 100.0 | 100.0 |   N/A |   N/A | 100.0 | 352.0
               +-------+-------+-------+-------+-------+----------------------

Skill      XL: |  1  2  3  4  5  6  7  8 |
---------------+-------------------------+-----
Poison Magic   | 4 5 6 7 8 |  8.4
Polearms       | 1 2 4 |  4.8
Spellcasting   | 4 |  4.5
Dodging        | |  1.7
Stealth        | |  2.0
Conjurations   | |  1.0

Action                   |  1- 3 |  4- 6 |  7- 9 || total
-------------------------+-------+-------+-------++-------
Melee: Club              |    16 |       |       ||    16
       Short sword       |     7 |       |       ||     7
       Headbutt          |    10 |    10 |    11 ||    31
       Flail             |    36 |       |       ||    36
       Morningstar       |     7 |     9 |       ||    16
       Hand axe          |       |    58 |    69 ||   127
Throw: Tomahawk          |       |     6 |       ||     6
 Cast: Sting             |    46 |       |       ||    46
       Poisonous Vapours |     4 |    22 |    25 ||    51
       Olgreb's Toxic Ra |       |     2 |     1 ||     3
  Use: Scroll            |     4 |     2 |     3 ||     9
 Stab: Sleeping          |     1 |       |     2 ||     3
  Eat: Chunk             |     5 |     6 |       ||    11
       Ration            |       |       |     3 ||     3
Armor: Robe              |    15 |    19 |    11 ||    45
Dodge: Dodged            |    49 |    40 |    54 ||   143

Vanquished Creatures
  A hippogriff (D:6)
  2 steam dragons (D:6)
  Duvessa (D:4)
  A phantom (D:4)
  2 sky beasts
  2 bullfrogs (D:6)
  Dowan (D:4)
  A scorpion (D:6)
  4 crimson imps
  A jelly (D:5)
  A hound (D:4)
  An orc wizard (D:3)
  A worker ant (D:4)
  3 gnolls (D:4)
  5 adders
  A shadow imp (D:6)
  3 oozes
  2 adder skeletons
  3 worms
  3 dart slugs
  A leopard gecko (D:1)
  12 orcs
  2 giant cockroaches (D:1)
  5 goblins
  8 hobgoblins
  5 jackals (D:2)
  6 kobolds
  3 quokkas
  4 bats
  3 frilled lizards
  2 quokka skeletons
  2 rats
92 creatures vanquished.
